 Dungeon Crawl Stone Soup version 0.28-a0-577-gb193047a1f (webtiles) character file.

Game seed: 6867266534682457219

1117 iamoutofideas the Severer (level 8, 0/63 HPs)
             Began as a Hill Orc Gladiator on Oct 1, 2021.
             Succumbed to a killer bee's poison
             ... on level 4 of the Dungeon.
             The game lasted 00:09:07 (6025 turns).

iamoutofideas the Severer (Hill Orc Gladiator)      Turns: 6025, Time: 00:09:07

Health: 0/63       AC:  6    Str: 19    XL:     8   Next: 34%
Magic:  8/8        EV: 11    Int:  8    God:
Gold:   144        SH:  0    Dex: 12    Spells: 7/7 levels left

rFire   . . .      SeeInvis .   a - +0 war axe
rCold   . . .      Faith    .   (no shield)
rNeg    . . .      Spirit   .   i - +0 ring mail
rPois   .          Reflect  .   c - +0 helmet
rElec   .          Harm     .   p - scarf {repulsion}
rCorr   .          Rampage  .   (no gloves)
Will    .....                   (no boots)
Stlth   +.........              (no amulet)
HPRegen 0.20/turn               (no ring)
MPRegen 0.11/turn               (no ring)

@: lethally poisoned (0 -> -3), repel missiles
A: no striking features
a: no special abilities


You were on level 4 of the Dungeon.
You visited 1 branch of the dungeon, and saw 5 of its levels.

You collected 144 gold pieces.

Inventory:

Hand Weapons
 a - a +0 war axe (weapon)
 h - a +2 whip of freezing
Missiles
 d - 3 throwing nets (quivered)
 l - a boomerang of dispersal
Armour
 b - a +0 leather armour
 c - a +0 helmet (worn)
 e - a +0 cloak
 i - a +0 ring mail (worn)
 m - a +0 chain mail
 p - a scarf of repulsion (worn)
Scrolls
 f - a scroll of magic mapping {unknown}
 n - a scroll of acquirement {unknown}


   Skills:
 - Level 3.5 Fighting
 + Level 15.8 Axes
 - Level 1.8 Throwing
 - Level 2.7 Armour
 - Level 2.9 Dodging


You had 7 spell levels left.
You didn't know any spells.
Your spell library contained the following spells:

 Spells                   Type           Power      Damage    Failure   Level
 Beastly Appendage        Tmut           0%         N/A       58%         1
 Blink                    Tloc           N/A        N/A       73%         2
 Wereblood                Tmut           0%         N/A       73%         2
 Lesser Beckoning         Tloc           0%         N/A       91%         3
 Spider Form              Tmut/Pois      0%         N/A       91%         3
 Manifold Assault         Tloc           0%         N/A       100%        5


Dungeon Overview and Level Annotations

Branches:
Dungeon (5/15)
 Temple: D:4-7

Altars:

Shops:
D:4 (

Annotations:
D:4 exclusion: downstairs


Message History

The killer bee closely misses you.
You barely miss the killer bee.
The killer bee is heavily wounded.
You feel sick.
The killer bee stings you but does no damage.
The killer bee closely misses you.
You barely miss the killer bee.
The killer bee is heavily wounded.
You feel sick.
You are no longer poisoned.
The killer bee barely misses you.
You miss the killer bee.
The killer bee is heavily wounded.
The killer bee stings you but does no damage.
The killer bee stings you!
* * * LOW HITPOINT WARNING * * *
You are poisoned.
The killer bee poisons you!
You aren't carrying any potions.
You closely miss the killer bee.
The killer bee is heavily wounded.
You feel sick. The killer bee barely misses you.
You aren't wearing any rings or amulets.
Unknown command.
You aren't carrying any potions.
Unknown command.
Really read the scroll of torment?
As you read the scroll of torment, it crumbles to dust.
Your body is wracked with pain!
* * * LOW HITPOINT WARNING * * *
The killer bee convulses!
You feel sick. The killer bee closely misses you.
The killer bee barely misses you.
Unknown command.
You barely miss the killer bee.
The killer bee is heavily wounded.
The killer bee barely misses you. The killer bee stings you!
* * * LOW HITPOINT WARNING * * *
You barely miss the killer bee.
The killer bee is heavily wounded.
You die...

#####
#...##############
'.."'..........y@#
#...#########.####
#...# #.# #.).#
#.# ##### #.# #.#
#############.#
..............#
###############


You could see a killer bee.

Vanquished Creatures
  Pikel (D:4)
  Eustachio (D:5)
  A lemure (D:4)
  A scorpion (D:5)
  A hound (D:3)
  2 jellies
  A bullfrog skeleton (D:5)
  An orc priest (D:3)
  A centaur skeleton (D:4)
  2 orc wizards
  A hound skeleton (D:4)
  A gnoll (D:1)
  3 adders
  A white imp (D:5)
  An ufetubus (D:4)
  4 worms
  3 dart slugs
  18 orcs
  5 ball pythons
  7 bats
  4 endoplasms
  4 giant cockroaches
  3 goblins
  9 hobgoblins
  14 jackals
  3 quokkas
  4 frilled lizards
  A jackal skeleton (D:4)
  6 kobolds
  6 rats
110 creatures vanquished.

Notes
Turn   | Place    | Note
-------+----------+-------------------------------------------
     0 | D:1      | iamoutofideas the Hill Orc Gladiator began the quest for
                  | the Orb.
     0 | D:1      | Reached XP level 1. HP: 18/18 MP: 1/1
    18 | D:1      | Reached XP level 2. HP: 8/25 MP: 2/2
   568 | D:1      | Reached XP level 3. HP: 30/30 MP: 3/3
   592 | D:1      | Reached skill level 5 in Axes
  1051 | D:2      | Reached skill level 14 in Axes
  1051 | D:2      | Reached XP level 4. HP: 6/37 MP: 4/4
  1523 | D:2      | Reached XP level 5. HP: 42/42 MP: 5/5
  2975 | D:3      | Reached skill level 1 in Armour
  2975 | D:3      | Reached XP level 6. HP: 50/50 MP: 6/6
  3585 | D:4      | Found Juoty's Antique Weapon Shop.
  4144 | D:5      | Entered Level 5 of the Dungeon
  4170 | D:5      | Reached XP level 7. HP: 57/57 MP: 7/7
  4221 | D:5      | Noticed Eustachio
  4895 | D:5      | Killed Eustachio
  4979 | D:5      | Noticed Pikel
  5720 | D:4      | Killed Pikel
  5721 | D:4      | Reached skill level 15 in Axes
  5721 | D:4      | Reached XP level 8. HP: 28/63 MP: 8/8
  6024 | D:4      | HP: 1/63 [killer bee (7)]
  6025 | D:4      | Succumbed to a killer bee's poison

Illustrated notes

Levels and vault maps discovered:
D:1:      heliophobic_arrival_ceremonial_halls, layout_basic
D:2:      layout_basic, uniq_natasha
D:3:      layout_basic, st_stairs_14
D:4:      layout_basic, serial_shops, nicolae_shop_overgrown_old_shop
D:5:      layout_basic, uniq_eustachio, uniq_pikel

Skill      XL: |  1  2  3  4  5  6  7 |
---------------+----------------------+-----
Axes           | 14 15 | 15.8
Armour         | 1 2 |  2.7
Fighting       | 3 |  3.5
Throwing       | |  1.8
Dodging        | |  2.9

Action                   |  1- 3 |  4- 6 |  7- 9 || total
-------------------------+-------+-------+-------++-------
Melee: War axe           |    76 |   197 |   107 ||   380
  Use: Potion            |     1 |     1 |     2 ||     4
       Scroll            |       |       |     8 ||     8
Armor: Leather armour    |    41 |    23 |       ||    64
       Ring mail         |       |    31 |    39 ||    70
Dodge: Dodged            |    77 |   104 |    65 ||   246

Table legend: (Time is in decaauts)
 A = Elapsed time spent in this place.
 B = Non-inter-level travel time spent in this place.
 C = Inter-level travel time spent in this place.
 D = Time resting spent in this place.
 E = Time spent auto-exploring this place.
 F = Levels seen in this place.
 G = Mean time per level.
                   A        B        C        D        E       F      G
               +--------+--------+--------+--------+--------+-----+--------+
         Total |   5984 |   5679 |    305 |   1765 |   2890 |   5 | 1196.8 |
       Dungeon |   5984 |   5679 |    305 |   1765 |   2890 |   5 | 1196.8 |
               +--------+--------+--------+--------+--------+-----+--------+

Top non-repeatable levels by time:
     D:4: 1856 daAuts
     D:3: 1325 daAuts
     D:1: 1297 daAuts
     D:2: 1125 daAuts
     D:5: 380 daAuts
